 Dungeon Crawl Stone Soup version 0.28-a0-425-gd0eccab798 (webtiles) character file.

Game seed: 8169810061233001319

3332 frimble the Covert (level 10, -4/66 HPs)
             Began as an Octopode Warper on Sept 10, 2021.
             Slain by a shadow (23 damage)
             ... on level 7 of the Dungeon.
             The game lasted 00:15:03 (9978 turns).

frimble the Covert (Octopode Warper)                Turns: 9978, Time: 00:15:03

Health: -4/66      AC:  2    Str: 10    XL:     10   Next: 2%
Magic:  9/13       EV: 17    Int: 19    God:
Gold:   329        SH:  5    Dex: 12    Spells: 10/13 levels left

rFire   . . .      SeeInvis .   v - +2 short sword (holy)
rCold   . . .      Faith    .   k - +0 buckler
rNeg    . . .      Spirit   .   m - +1 hat {Will+}
rPois   .          Reflect  .   (no amulet)
rElec   .          Harm     .   l - +4 ring of slaying
rCorr   .          Rampage  .   i - +4 ring of evasion
Will    +....                   (no ring)
Stlth   +++++.....              (no ring)
HPRegen 0.21/turn               (no ring)
MPRegen 0.13/turn               (no ring)
                                (no ring)
                                (no ring)

@: no status effects
A: almost no armour, amphibious, 8 rings, camouflage 1, gelatinous body 1,
(nimble swimmer 1), tentacles
a: no special abilities


You were on level 7 of the Dungeon.
You visited 1 branch of the dungeon, and saw 8 of its levels.
You also visited: Sewer.

You collected 329 gold pieces.

Inventory:

Hand Weapons
 a - a +2 dagger of venom
 b - a +2 dagger of freezing
 v - a +2 short sword of holy wrath (weapon)
Missiles
 c - 7 boomerangs of dispersal
 j - 31 poisoned darts (quivered)
 u - 6 boomerangs
Armour
 k - a +0 buckler (worn)
 m - a +1 hat of willpower (worn)
Jewellery
 i - a +4 ring of evasion (right tentacle)
 l - a +4 ring of slaying (left tentacle)
Wands
 g - a wand of mindburst (7)
Scrolls
 d - a scroll of holy word
 f - 4 scrolls of amnesia
 o - 7 scrolls of teleportation
 r - a scroll of blinking
Potions
 e - 6 potions of curing
 h - 2 potions of heal wounds
 n - a potion of mutation
 p - 4 potions of might
 q - 3 potions of attraction {unknown}
 s - a potion of haste
 t - 2 potions of resistance {unknown}
 w - a potion of brilliance {unknown}
 x - 2 potions of lignification {unknown}


   Skills:
 + Level 5.1 Fighting
 + Level 6.2 Short Blades
 + Level 4.4 Throwing
 - Level 2.3 Dodging
 + Level 8.3 Stealth
 - Level 4.1 Shields
 - Level 2.0 Spellcasting
 - Level 4.0 Conjurations
 - Level 4.0 Translocations
 - Level 4.0 Fire Magic
 - Level 4.0 Evocations


You had 10 spell levels left.
You knew the following spells:

 Your Spells              Type           Power      Damage    Failure   Level
a - Blink                 Tloc           N/A        N/A       4%          2
b - Foxfire               Conj/Fire      68%        2x1d7     3%          1

Your spell library contained the following spells:

 Spells                   Type           Power      Damage    Failure   Level
 Conjure Flame            Conj/Fire      17%        6-21      10%         3
 Gell's Gravitas          Tloc           8%         N/A       10%         3
 Lesser Beckoning         Tloc           17%        N/A       10%         3
 Teleport Other           Tloc           17%        N/A       10%         3
 Inner Flame              Hex/Fire       9%         N/A       22%         3
 Portal Projectile        Hex/Tloc       18%        N/A       22%         3
 Corpse Rot               Necr/Air       N/A        N/A       26%         2
 Poisonous Vapours        Pois/Air       2%         N/A       26%         2
 Flame Wave               Conj/Fire      17%        3d5       32%         4
 Call Canine Familiar     Summ           1%         N/A       45%         3
 Fireball                 Conj/Fire      8%         3d6       65%         5
 Iskenderun's Battlesphe  Conj           17%        2d7       65%         5
 Manifold Assault         Tloc           17%        N/A       65%         5
 Leda's Liquefaction      Hex/Erth       0%         N/A       86%         4
 Conjure Ball Lightning   Conj/Air       4%         3x3d6     100%        6
 Orb of Destruction       Conj           8%         9d4       100%        7


Dungeon Overview and Level Annotations

Branches:
Dungeon (8/15)             Temple (0/1) D:5           Sewer (visited)
   Lair: D:8-11

Altars:
Fedhas
Hepliaklqana
Kikubaaqudgha
Nemelex Xobeh
Qazlal
Ru
Trog
Uskayaw
Xom

Shops:
D:5 =   D:7 [

Annotations:
D:3 exclusion: phantom
D:6 1 runed translucent door, Crazy Yiuf


Innate Abilities, Weirdness & Mutations

You cannot wear most types of armour.
You are amphibious.
You can wear up to eight rings at the same time.
Your skin changes colour to match your surroundings (Stealth+).
Your rubbery body absorbs attacks. (AC +1, EV +1)
((You are camouflaged near water. (Stealth+)))
You have tentacles for arms and can constrict up to eight enemies at once.


Message History

Your +2 dagger of venom stops dripping with poison.
Your +2 short sword of holy wrath softly glows with a divine radiance!
v - a +2 short sword of holy wrath (weapon)
Okay, then.
Unknown command.
You hit the shadow but do no damage. The shadow closely misses you.
You hit the shadow.
The shadow convulses.
The shadow is lightly damaged.
You block the shadow's attack.
You completely miss the shadow.
The shadow is lightly damaged.
The shadow misses you.
You hit the shadow.
The shadow convulses.
Your squeeze misses the shadow.
The shadow is moderately damaged.
You hit the shadow but do no damage.
The shadow is moderately damaged.
The shadow slips into darkness.
The shadow flickers and vanishes!
Deactivating autopickup; reactivate with Ctrl-A.
Casting: Foxfire (safe; 3% risk of failure)
Confirm with . or Enter, or press ? or * to list all spells.
You blink.
The shadow strikes at you from the darkness!
Reactivating autopickup.
You hit the shadow.
The shadow convulses.
The shadow is severely damaged.
You hit the shadow.
The shadow convulses.
The shadow is almost destroyed.
The shadow hits you!
* * * LOW HITPOINT WARNING * * *
You hit the shadow but do no damage.
The shadow is almost destroyed.
The shadow slips into darkness.
The shadow flickers and vanishes!
Deactivating autopickup; reactivate with Ctrl-A.
Casting: Blink (safe; 4% risk of failure)
Confirm with . or Enter, or press ? or * to list all spells.
You blink.
The shadow strikes at you from the darkness!
You die...

......#............#.......#..#..
...>..#.....##.....#.......#..#..
....?.########.....#.......#..'..
#'#######...##.....#.......#..#..
+..'.........#.....#.......#..#..
#..#.........#.....#.......#..###
#####.###'######...#.......#...#
#..##.###.#######'##.......#..)#
#......#........@..#.......#..##
#......#........{..#.......#..##
#...#############ยง.#.......#...#
############..###..#.......#...#
#....#..'....^..#..#.......#...#
'....#..#.......#..#.......#...#
#....#..#.......'..'.......#...#
####################.......#####
# #########


There were no monsters in sight!

Vanquished Creatures
  Pikel (D:6)
  A steam dragon (D:8)
  A water moccasin (Sewer)
  An orc warrior (D:7)
  4 ice beasts
  3 necrophages
  A sky beast (D:7)
  2 ogres
  A phantom (D:6)
  6 centaurs
  A lemure (D:6)
  A kobold brigand (D:7)
  A scorpion (D:5)
  A bullfrog zombie (D:6)
  4 centaur zombies
  A bullfrog skeleton (D:5)
  2 orc priests
  A centaur skeleton (D:7)
  4 hounds
  Natasha (twice) (D:2)
  4 iguanas
  6 orc wizards
  2 killer bee zombies (D:5)
  A hound skeleton (D:4)
  Robin (D:2)
  4 gnolls (D:5)
  A howler monkey skeleton (D:5)
  6 adders
  2 worms
  4 dart slugs
  16 orcs
  3 bats
  8 endoplasms
  5 giant cockroaches
  17 goblins
  9 hobgoblins
  12 jackals
  13 kobolds
  7 quokkas
  4 ball pythons
  A frilled lizard (D:3)
  4 rats
169 creatures vanquished.

Vanquished Creatures (others)
  114 foxfires
114 creatures vanquished.

Grand Total: 283 creatures vanquished

Notes
Turn   | Place    | Note
-------+----------+-------------------------------------------
     0 | D:1      | frimble the Octopode Warper began the quest for the Orb.
     0 | D:1      | Reached XP level 1. HP: 14/14 MP: 3/3
   200 | D:1      | Reached skill level 1 in Stealth
   240 | D:2      | Reached skill level 2 in Stealth
   240 | D:2      | Reached XP level 2. HP: 17/19 MP: 5/5
   510 | D:2      | Reached XP level 3. HP: 20/24 MP: 6/6
   517 | D:2      | Learned a level 2 spell: Blink
   992 | D:1      | Reached skill level 3 in Stealth
  1726 | D:2      | Reached XP level 4. HP: 29/29 MP: 7/7
  2453 | D:2      | Found a faded altar of an unknown god.
  2496 | D:2      | Noticed Robin
  2965 | D:2      | Reached skill level 4 in Stealth
  3161 | D:2      | Noticed Natasha
  3168 | D:2      | Killed Natasha
  3200 | D:2      | Reached XP level 5. HP: 34/34 MP: 8/8
  3215 | D:2      | Learned a level 1 spell: Foxfire
  3473 | D:3      | Noticed a phantom
  4108 | D:3      | Found a sacrificial altar of Ru.
  4189 | D:4      | Reached skill level 1 in Shields
  4422 | D:4      | Found an ancient bone altar of Kikubaaqudgha.
  4438 | D:4      | Found a shimmering altar of Xom.
  4629 | D:2      | Killed Robin
  4630 | D:2      | Reached XP level 6. HP: 39/39 MP: 9/9
  4657 | D:2      | Identified a scroll of acquirement
  4657 | D:2      | Acquired a +1 hat of willpower
  4674 | D:2      | Noticed Natasha
  4685 | D:2      | Killed Natasha
  5094 | D:5      | Entered Level 5 of the Dungeon
  5589 | D:5      | Noticed an ice beast
  5610 | D:5      | Reached XP level 7. HP: 45/45 MP: 10/10
  5614 | D:5      | Reached skill level 1 in Fire Magic
  5620 | D:5      | Reached skill level 1 in Conjurations
  5620 | D:5      | Reached skill level 1 in Evocations
  5981 | D:5      | Reached skill level 5 in Stealth
  6129 | D:5      | Found a staircase to the Ecumenical Temple.
  6618 | D:5      | Reached XP level 8. HP: 52/52 MP: 5/11
  7031 | D:5      | Found Puskud's Jewellery Emporium.
  7218 | D:6      | Found a hazy altar of Hepliaklqana.
  7347 | D:6      | Found a bloodstained altar of Trog.
  7520 | D:6      | Found a glowing drain.
  7524 | Sewer    | Entered a sewer
  7582 | Sewer    | Reached skill level 6 in Stealth
  7791 | D:6      | Reached skill level 5 in Short Blades
  7935 | D:6      | Found a runed translucent door.
  7936 | D:6      | Noticed Crazy Yiuf
  8011 | D:6      | Noticed Pikel
  8023 | D:6      | Killed Pikel
  8024 | D:6      | Reached XP level 9. HP: 28/58 MP: 6/12
  8532 | D:7      | Reached skill level 7 in Stealth
  9526 | D:7      | Reached skill level 8 in Stealth
  9552 | D:7      | Found Viss's Antique Armour Shop.
  9776 | D:8      | Reached skill level 5 in Fighting
  9951 | D:8      | Found a hide-covered altar of Uskayaw.
  9951 | D:8      | Found a sparkling altar of Nemelex Xobeh.
  9951 | D:8      | Found a stormy altar of Qazlal.
  9951 | D:8      | Found a blossoming altar of Fedhas.
  9955 | D:8      | Reached XP level 10. HP: 66/66 MP: 13/13
  9978 | D:7      | Slain by a shadow

Illustrated notes

Levels and vault maps discovered:
D:1:      giann_horns, layout_basic, hangedman_decor_points
D:2:      layout_rooms, shapermc_ecumenical_altar_venn, uniq_robin, uniq_natasha
D:3:      wander_river, layout_loops_corners, lemuel_tele_altar
D:4:      layout_basic, mainiacjoe_overflow_catch_the_wave
D:5:      layout_basic, temple_statues, serial_shops, nicolae_shop_waterfront,
          serial_curves, eino_curves_04, eino_curves_04
D:6:      layout_cave_pools, nicolae_overflow_hidden_temple,
          trog_three_pillars_becter, gup_sewer_entry_spiral,
          uniq_crazy_yiuf_cottage, uniq_pikel
D:7:      layout_gridville, chequers_serial_rivers_micro_a,
          corexii_hall_statues_x, nicolae_take_the_stairs
D:8:      layout_rooms, grunt_temple_overflow_open,
          mainiacjoe_overflow_cross_hatched, st_stairs_12

Skill      XL: |  1  2  3  4  5  6  7  8  9 |
---------------+----------------------------+-----
Stealth        | 2 3 4 5 6 8 |  8.3
Short Blades   | 3 4 5 6 |  6.2
Shields        | 2 4 |  4.1
Fire Magic     | 2 3 4 |  4.0
Conjurations   | 2 3 4 |  4.0
Evocations     | 2 3 4 |  4.0
Fighting       | 3 4 5 |  5.1
Throwing       | 3 4 |  4.4
Translocations | 4 |  4.0
Dodging        | |  2.3
Spellcasting   | |  2.0

Action                   |  1- 3 |  4- 6 |  7- 9 | 10-12 || total
-------------------------+-------+-------+-------+-------++-------
Melee: Short sword       |    82 |    96 |       |     8 ||   186
       Constrict         |    22 |    27 |    30 |       ||    79
       Tentacles         |    15 |    15 |    22 |       ||    52
       Dagger            |       |    43 |   183 |       ||   226
Throw: Boomerang         |       |     1 |       |       ||     1
       Dart              |       |    14 |     2 |       ||    16
 Cast: Blink             |       |     3 |       |     2 ||     5
       Foxfire           |       |     1 |    65 |       ||    66
Evoke: Wand              |       |       |     3 |       ||     3
  Use: Scroll            |     4 |     7 |     4 |       ||    15
 Stab: Sleeping          |     5 |    15 |    17 |       ||    37
       Distracted        |       |       |     2 |       ||     2
Armor: Skin              |     8 |     8 |    11 |       ||    27
Dodge: Dodged            |    49 |    69 |    91 |     3 ||   212
Block: Buckler           |       |     3 |    26 |     1 ||    30

Table legend: (Time is in decaauts)
 A = Elapsed time spent in this place.
 B = Non-inter-level travel time spent in this place.
 C = Inter-level travel time spent in this place.
 D = Time resting spent in this place.
 E = Time spent auto-exploring this place.
 F = Levels seen in this place.
 G = Mean time per level.
                   A        B        C        D        E       F      G
               +--------+--------+--------+--------+--------+-----+--------+
         Total |   9917 |   9364 |    553 |    235 |   7569 |   9 | 1101.9 |
       Dungeon |   9754 |   9201 |    553 |    235 |   7455 |   8 | 1219.2 |
         Sewer |    162 |    162 |      0 |      0 |    114 |   1 |  162.0 |
               +--------+--------+--------+--------+--------+-----+--------+

Top non-repeatable levels by time:
     D:5: 2165 daAuts
     D:1: 1969 daAuts
     D:2: 1450 daAuts
     D:7: 1413 daAuts
     D:6: 1045 daAuts
     D:3: 948 daAuts
     D:4: 718 daAuts
   Sewer: 162 daAuts
     D:8: 42 daAuts
